 Dungeon Crawl Stone Soup version 0.29.0-13-gc9e81de378 (webtiles) character file.

Game seed: 1004998223815034593

191 Ofeo the Digger (level 6, -9/45 HPs)
             Began as a Meteoran Earth Elementalist on Sept 9, 2022.
             Mangled by an iguana (13 damage)
             ... on level 4 of the Dungeon.
             The game lasted 00:03:32 (541 turns).

Ofeo the Digger (Meteoran Earth Elementalist)        Turns: 541, Time: 00:03:33

Health: -9/45      AC:  2    Str: 11    XL:     6   Next: 22%
Magic:  9/12       EV: 13    Int: 18    God:
Gold:   88         SH:  0    Dex: 14    Spells: 11/12 levels left

rFire   . . .      SeeInvis .   (no weapon)
rCold   + . .      Faith    .   (no shield)
rNeg    . . .      Spirit   .   a - +0 robe
rPois   .          Reflect  .   (no helmet)
rElec   .          Harm     .   (no cloak)
rCorr   .          Rampage  .   (no gloves)
Will    .....                   (no boots)
Stlth   +.........              e - amulet of magic regeneration
HPRegen 0.15/turn               k - ring of protection from cold
MPRegen 0.53/turn               (no ring)

@: glowing
A: sense surroundings 1, otherworldly, glowing, explore regen
a: no special abilities


You were on level 4 of the Dungeon.
You visited 1 branch of the dungeon, and saw 5 of its levels.

You collected 88 gold pieces.

Inventory:

Armour
 a - a +0 robe (worn)
Magical Staves
 q - a staff of poison
Jewellery
 e - an amulet of magic regeneration (around neck)
 k - a ring of protection from cold (left hand)
 o - a ring of wizardry
Scrolls
 f - a scroll of vulnerability {unknown}
 g - 2 scrolls of enchant weapon {unknown}
 h - a scroll of immolation {unknown}
 j - a scroll of summoning {unknown}
 l - a scroll of silence {unknown}
 m - 5 scrolls of teleportation {unknown}
 n - 2 scrolls of identify {unknown}
Potions
 b - a potion of magic
 c - 4 potions of curing {unknown}
 d - 2 potions of attraction {unknown}
 i - a potion of resistance {unknown}
 p - 3 potions of flight {unknown}


   Skills:
 + Level 3.7 Dodging
 + Level 2.4 Stealth
 + Level 3.8 Spellcasting
 + Level 3.0 Transmutations
 + Level 4.6 Earth Magic


You had 11 spell levels left.
You knew the following spells:

 Your Spells              Type           Power      Damage    Failure   Level
a - Sandblast             Erth           40%        2d10      2%          1

Your spell library contained the following spells:

 Spells                   Type           Power      Damage    Failure   Level
 Passwall                 Tmut/Erth      14%        N/A       4%          2
 Stone Arrow              Conj/Erth      22%        3d8       17%         3
 Petrify                  Tmut/Erth      17%        N/A       30%         4


Dungeon Overview and Level Annotations

Branches:
Dungeon (5/15) Zot: 2415
 Temple: D:4-7

Altars:
Dithmenos
Sif Muna


Innate Abilities, Weirdness & Mutations

You passively map a small area around you.
You are easily found by Zot.
You glow in the dark.
You regain HP and MP as you explore.


Message History

You kill the hound!
The iguana barely misses you.
Your Transmutations skill increases to level 3!
Casting: Sandblast (safe; 2% risk of failure)
Confirm with . or Enter, or press ? or * to list all spells.
Aiming: Sandblast (safe; 2% risk of failure)
Press: ? - help, Shift-Dir - straight line, f - iguana
Aim: an iguana (almost dead, 85% to hit)
The blast of sand hits the iguana.
The iguana is almost dead.
The iguana bites you!
You take 10 damage, and have 23/45 hp.
MASSIVE DAMAGE!!
Casting: Sandblast (safe; 2% risk of failure)
Confirm with . or Enter, or press ? or * to list all spells.
Aiming: Sandblast (safe; 2% risk of failure)
Press: ? - help, Shift-Dir - straight line, p - iguana The blast of sand hits the iguana but does no damage.
The iguana is almost dead.
The iguana bites you!
* * * LOW HITPOINT WARNING * * *
The iguana bites you.
* * * LOW HITPOINT WARNING * * *
You take 19 damage, and have 4/45 hp.
MASSIVE DAMAGE!!
Casting: Sandblast (safe; 2% risk of failure)
Confirm with . or Enter, or press ? or * to list all spells.
Aiming: Sandblast (safe; 2% risk of failure)
Press: ? - help, Shift-Dir - straight line The blast of sand hits the iguana but does no damage.
The iguana is almost dead.
The iguana bites you but does no damage.
Casting: Sandblast (safe; 2% risk of failure)
Confirm with . or Enter, or press ? or * to list all spells.
Aiming: Sandblast (safe; 2% risk of failure)
Press: ? - help, Shift-Dir - straight line The blast of sand hits the iguana.
The iguana is almost dead.
The iguana bites you!
You die...

#..........# # * , *
#.......#..#.# _ ,, ,
#........[.#.# * ,
##...........# ,
#..#####..### #######
#...[.....<#######.....##
#......>....)[..)........
########l#..######......#
#@#...#* ######.#
#.#.#..# #.# #.#.##.# #.#
, ..... .# #.# * *,.....
.# #.. ...... # ### .....
#####.#


You could see an iguana.

Vanquished Creatures
  A hound (D:4)
  2 orc wizards (D:4)
  3 gnolls (D:4)
  3 adders
  A worm (D:2)
  8 orcs
  3 ball pythons (D:2)
  3 endoplasms
  A giant cockroach (D:2)
  4 goblins
  A hobgoblin (D:4)
  3 jackals
  6 quokkas
  3 frilled lizards (D:2)
  A rat (D:2)
43 creatures vanquished.

Notes
Turn   | Place    | Note
-------+----------+-------------------------------------------
     0 | D:1      | Ofeo the Meteoran Earth Elementalist began the quest for
                  | the Orb.
     0 | D:1      | Reached XP level 1. HP: 14/14 MP: 5/5
    68 | D:2      | Reached XP level 2. HP: 20/20 MP: 3/6
    91 | D:2      | Reached XP level 3. HP: 15/26 MP: 3/8
   184 | D:3      | Found a shadowy altar of Dithmenos.
   187 | D:3      | Reached skill level 4 in Earth Magic
   212 | D:2      | Reached XP level 4. HP: 8/33 MP: 9/9
   297 | D:3      | Found a shimmering blue altar of Sif Muna.
   423 | D:4      | Reached XP level 5. HP: 6/38 MP: 9/11
   496 | D:4      | Reached XP level 6. HP: 20/45 MP: 10/12
   522 | D:5      | Entered Level 5 of the Dungeon
   541 | D:4      | Mangled by an iguana

Illustrated notes

Levels and vault maps discovered:
D:1:      lemuel_arrival_room, layout_basic, hellmonk_ecumenical_altar_zigzags,
          amethyst_killhole, bh_walls_and_bars
D:2:      layout_rooms
D:3:      layout_rooms, general_overflow_altar, grunt_dithmenos_smoke,
          mainiacjoe_overflow_catwalk
D:4:      layout_basic, lemuel_coloured_pillars_altar, uniq_menkaure
D:5:      layout_rooms, nicolae_overflow_hidden_temple,
          hellmonk_ghost_happy_afterlife, serial_shops, nicolae_lakefront_shop,
          chequers_serial_rivers_room_a, nicolae_shop_vocational

Skill      XL: |  1  2  3  4  5  6 |
---------------+-------------------+-----
Spellcasting   | 3 |  3.8
Earth Magic    | 4 |  4.6
Dodging        | 3 |  3.7
Transmutations | 2 3 |  3.0
Stealth        | 2 |  2.4

Action                   |  1- 3 |  4- 6 || total
-------------------------+-------+-------++-------
 Cast: Sandblast         |    29 |    55 ||    84
Armor: Robe              |     7 |    14 ||    21
Dodge: Dodged            |    12 |    19 ||    31
